Map: Newkirk Precinct TE (Void)

Players

zzz - Winner!

  • Race: Zerg Zerg
  • League: Master
  • Spawn Location: 7:00

Railgan

  • Race: Zerg Zerg
  • League: Grandmaster
  • Spawn Location: 5:00

VOD

Have the link to the VOD?

Description

Time

  • Played on: March 19, 2017, 5:34 p.m.
  • Length: 20:09
Show
View Real Time Build Order
Export as new Build Order

zzz Zerg - Winner!

Build Orders: Hatch First 

Get SALT Encoding   

  12  0:01  Drone  
  13  0:13  Overlord  
  13  0:18  Drone  
  14  0:31  Drone x2  
  14  0:35  Drone  
  17  0:53  Hatchery  
  17  0:56  Drone  
  17  0:59  Drone  
  17  1:01  Extractor  
  17  1:14  Spawning Pool  
  17  1:18  Drone  
  17  1:21  Drone  
  18  1:29  Drone  
  19  1:39  Overlord  
  19  1:51  Drone  
  20  2:01  Metabolic Boost, Queen  
  20  2:02  Zergling x2  
  20  2:06  Zergling x2  
  24  2:09  Queen  
  24  2:13  Drone  
  27  2:16  Drone  
  27  2:22  Drone  
  29  2:27  Drone  
  30  2:33  Drone  
  31  2:39  Drone  
  32  2:44  Drone  
  32  2:51  Hatchery  
  32  2:54  Drone  
  32  2:55  Baneling Nest  
  32  2:58  Overlord  
  32  3:04  Drone  
  33  3:06  Drone, Spore Crawler  
  34  3:16  Zergling x8  
  38  3:24  Overlord  
  38  3:26  Zergling x8  
  42  3:35  Zergling x2  
  42  3:40  Baneling  
  42  3:41  Baneling x2  
  43  3:45  Drone x2  
  45  3:49  Queen  
  45  3:50  Overlord  
  45  3:53  Drone x3  
  50  3:56  Drone  
  50  3:57  Drone  
  50  4:02  Overlord  
  52  4:06  Overlord  
  49  4:13  Drone x3  
  49  4:14  Drone  
  49  4:16  Drone  
  53  4:23  Drone  
  53  4:24  Drone x3  
  55  4:32  Roach Warren  
  55  4:33  Extractor  
  55  4:34  Evolution Chamber, Overlord  
  55  4:37  Drone x2  
  54  4:44  Lair  
  54  4:45  Extractor  
  53  4:46  Drone x2  
  54  5:00  Zerg Missile Weapons Level 1  
  54  5:02  Zergling x16  
  62  5:09  Baneling x2  
  62  5:10  Baneling  
  62  5:12  Roach x3  
  68  5:18  Roach  
  68  5:19  Roach  
  72  5:26  Drone x4  
  72  5:28  Drone x2  
  77  5:29  Drone  
  77  5:30  Drone  
  77  5:32  Drone  
  77  5:34  Drone  
  81  5:45  Glial Reconstitution  
  81  5:48  Overlord  
  81  5:49  Drone x5  
  86  5:54  Extractor, Drone  
  86  5:57  Overlord  
  86  5:59  Overlord  
  86  6:01  Overlord  
  86  6:02  Extractor, Overlord  
  85  6:08  Ravager x4  
  89  6:12  Roach  
  89  6:13  Roach  
  89  6:17  Roach  
  94  6:22  Roach  
  94  6:23  Roach  
  98  6:26  Drone x2  
  98  6:27  Drone x3  
  98  6:28  Roach  
  98  6:31  Overseer  
  105  6:34  Roach x2  
  105  6:37  Roach x2  
  113  6:41  Roach x2  
  113  6:42  Roach  
  113  6:44  Roach  
  119  6:49  Roach x2  
  119  6:51  Roach x2  
  115  6:59  Roach x3  
  115  7:00  Roach  
  116  7:03  Roach  
  116  7:08  Roach  
  118  7:10  Roach  
  118  7:11  Roach  
  122  7:19  Roach  
  122  7:20  Roach x3  
  127  7:23  Drone x2  
  127  7:24  Drone  
  127  7:25  Overlord  
  127  7:27  Extractor  
  129  7:34  Hatchery  
  129  7:36  Roach  
  130  7:38  Overlord x3  
  130  7:49  Roach  
  130  7:52  Overlord x3  
  126  7:59  Roach  
  126  8:00  Roach x5  
  126  8:03  Roach x2  
  126  8:04  Roach  
  138  8:06  Ravager  
  138  8:07  Ravager x2  
  138  8:10  Roach x2  
  142  8:14  Roach x2  
  142  8:15  Roach  
  142  8:18  Zerg Missile Weapons Level 2  
  146  8:27  Queen  
  146  8:28  Roach x2  
  150  8:34  Roach  
  150  8:35  Roach x2  
  154  8:44  Roach  
  154  8:45  Roach x4  
  154  8:47  Roach  
  162  8:55  Roach x3  
  162  9:11  Roach x7  
  176  9:21  Overlord x3  
  176  9:40  Roach x7  
  176  9:43  Ravager x2  
  176  9:45  Overlord x2  
  186  10:03  Roach x4  
  186  10:22  Roach  
  186  10:23  Roach x6  
  186  10:28  Ravager x2  
  200  10:34  Zerg Ground Armor Level 1  
  200  10:35  Overseer x2  
  178  10:52  Roach x7  
  178  10:53  Roach x4  
  178  10:57  Roach x2  
  169  11:12  Roach x14  
  169  11:16  Roach  
  169  11:17  Roach  
  186  11:21  Roach  
  186  11:22  Roach  
  186  11:24  Roach x2  
  181  11:25  Roach  
  181  11:35  Ravager  
  181  11:36  Ravager x3  
  185  11:43  Roach x7  
  189  12:08  Roach x14  
  179  12:12  Roach  
  179  12:14  Roach  
  156  12:16  Roach x2  
  156  12:18  Roach  
  156  12:21  Roach  
  144  12:23  Roach  
  144  12:25  Roach  
  144  12:28  Roach x2  
  150  12:37  Ravager x3  
  150  12:38  Ravager  
  154  12:46  Roach  
  154  12:47  Roach x3  
  154  12:49  Roach  
  154  12:50  Roach  
  166  12:57  Roach x5  
  170  13:16  Roach  
  170  13:17  Roach x10  
  190  13:26  Roach x4  
  176  13:28  Roach  
  176  13:30  Roach  
  176  13:32  Roach  
  178  13:37  Ravager x2  
  180  13:42  Extractor  
  180  13:43  Roach  
  180  13:44  Roach x4  
  181  13:50  Roach  
  181  13:51  Roach x2  
  165  13:56  Roach x2  
  165  14:01  Roach x3  
  165  14:02  Ravager  
  172  14:06  Roach x2  
  163  14:10  Roach  
  163  14:11  Roach  
  163  14:13  Roach  
  165  14:18  Roach x2  
  165  14:19  Ravager  
  170  14:28  Ravager  
  159  14:46  Ravager x4  
  159  14:48  Roach  
  159  14:49  Roach x7  
  159  14:50  Hatchery  
  149  15:11  Roach  
  139  15:19  Roach  
  139  15:21  Roach  
  125  15:26  Roach x13  
  126  15:32  Roach  
  126  15:34  Roach  
  117  15:39  Extractor  
  116  15:44  Roach  
  116  15:45  Roach x3  
  116  15:49  Ravager x2  
  126  15:50  Ravager  
  126  15:51  Ravager x4  
  126  15:52  Overseer  
  131  16:03  Roach  
  131  16:04  Roach x6  
  145  16:10  Roach x2  
  149  16:14  Roach  
  151  16:18  Roach  
  151  16:19  Roach  
  151  16:23  Roach x2  
  161  16:33  Roach x3  
  138  16:48  Roach x5  
  146  17:03  Hatchery  
  146  17:06  Ravager x2  
  133  17:18  Roach x4  
  133  17:20  Roach  
  120  17:30  Ravager  
  120  17:31  Ravager  
  120  17:32  Roach x2  
  120  17:35  Ravager  
  121  18:05  Ravager x7  
  127  18:06  Ravager  
  99  18:24  Roach x8  
  94  18:53  Drone x3  
  99  19:02  Roach  
  99  19:03  Roach x12  
  110  19:11  Overseer  
  107  19:34  Roach x3  
  113  19:47  Roach x2  
Show
View Real Time Build Order
Export as new Build Order

Railgan Zerg 

Build Orders: Pool First, Lurkers 

Get SALT Encoding   

  12  0:01  Drone  
  13  0:13  Overlord  
  13  0:18  Drone  
  14  0:31  Drone x2  
  16  0:35  Drone  
  17  0:46  Drone  
  18  0:53  Spawning Pool  
  18  0:56  Drone  
  18  1:13  Hatchery  
  18  1:14  Extractor  
  18  1:17  Drone  
  17  1:21  Drone  
  18  1:28  Drone  
  19  1:39  Overlord  
  19  1:41  Queen  
  21  1:49  Spine Crawler  
  21  1:51  Drone  
  21  2:00  Zergling x2  
  22  2:13  Drone  
  23  2:17  Queen  
  23  2:22  Drone, Metabolic Boost  
  26  2:26  Queen  
  29  2:30  Drone  
  30  2:40  Baneling Nest  
  30  2:44  Drone, Zergling x2  
  30  2:45  Drone  
  30  2:49  Overlord  
  32  2:52  Zergling x2  
  32  2:54  Drone  
  32  2:58  Zergling x2  
  35  3:00  Drone  
  36  3:08  Drone  
  36  3:11  Drone  
  37  3:13  Drone  
  37  3:19  Drone  
  39  3:23  Baneling  
  39  3:26  Roach Warren, Drone x2  
  40  3:31  Drone x2  
  42  3:36  Lair  
  42  3:43  Baneling x2, Zergling x2  
  42  3:44  Zergling x2  
  44  3:53  Evolution Chamber  
  44  3:54  Overlord  
  43  3:57  Baneling  
  43  3:59  Drone  
  43  4:00  Overlord  
  43  4:01  Extractor  
  43  4:04  Extractor  
  42  4:14  Drone, Roach x2  
  42  4:15  Drone x2  
  42  4:16  Drone  
  49  4:19  Baneling  
  49  4:23  Zergling x10  
  51  4:31  Drone x2  
  53  4:36  Drone x3  
  53  4:37  Drone  
  57  4:41  Drone  
  58  4:46  Glial Reconstitution  
  58  4:48  Drone, Overlord  
  59  4:59  Hatchery  
  57  5:02  Extractor  
  56  5:08  Drone x5  
  56  5:11  Zerg Missile Weapons Level 1  
  61  5:16  Roach  
  63  5:22  Roach  
  63  5:23  Roach  
  63  5:25  Roach  
  63  5:27  Overlord  
  68  5:29  Overlord  
  68  5:34  Overlord  
  68  5:37  Overlord  
  68  5:38  Baneling  
  68  5:39  Baneling x2  
  68  5:44  Overlord  
  68  5:46  Roach x2  
  68  5:48  Roach  
  74  5:52  Roach  
  74  5:53  Roach  
  74  5:56  Roach  
  80  6:05  Roach x4  
  88  6:11  Roach  
  88  6:15  Roach x2  
  92  6:20  Roach x3  
  92  6:23  Roach  
  99  6:27  Roach x2  
  99  6:31  Roach  
  99  6:32  Roach  
  107  6:36  Roach  
  107  6:37  Roach  
  111  6:40  Drone  
  109  7:01  Roach x7  
  113  7:03  Overlord  
  113  7:04  Overlord  
  113  7:08  Overlord  
  107  7:12  Roach x3  
  107  7:13  Drone  
  114  7:22  Ravager x5  
  115  7:24  Ravager  
  115  7:25  Drone x5  
  115  7:28  Roach  
  123  7:36  Roach  
  123  7:37  Drone, Roach  
  127  7:38  Drone x2  
  127  7:39  Roach  
  127  7:42  Roach  
  134  7:50  Overlord, Roach x2  
  134  7:55  Roach  
  136  7:59  Roach  
  136  8:00  Overlord  
  136  8:02  Overlord  
  136  8:03  Overlord  
  136  8:04  Overlord  
  135  8:06  Roach  
  131  8:14  Roach x2  
  131  8:15  Ravager x2  
  131  8:16  Roach x3  
  131  8:18  Roach  
  145  8:22  Drone x2  
  145  8:23  Drone  
  145  8:26  Zerg Missile Weapons Level 2  
  148  8:27  Roach  
  148  8:33  Roach  
  152  8:35  Roach  
  152  8:40  Roach  
  152  8:48  Drone x2  
  138  8:50  Extractor, Roach x7  
  138  8:51  Extractor  
  147  8:55  Roach  
  147  8:59  Overlord  
  147  9:01  Roach  
  151  9:03  Roach  
  151  9:08  Roach x2  
  151  9:09  Roach x2  
  149  9:14  Drone x3  
  150  9:18  Roach x2  
  150  9:22  Ravager  
  155  9:25  Overlord  
  155  9:26  Ravager  
  155  9:29  Overlord  
  156  9:33  Roach x3  
  156  9:36  Roach  
  166  9:38  Roach  
  166  9:40  Overlord  
  166  9:45  Hatchery, Roach x3  
  171  9:47  Roach  
  173  9:58  Roach x2  
  173  10:03  Roach x6  
  183  10:13  Roach x6  
  191  10:29  Hatchery  
  191  10:32  Roach x3  
  191  10:33  Roach x2  
  200  10:36  Hydralisk Den  
  177  11:04  Roach x2  
  170  11:06  Roach x10  
  169  11:15  Roach  
  147  11:22  Roach x7  
  153  11:26  Roach  
  153  11:30  Roach  
  153  11:31  Ravager  
  153  11:32  Ravager x3  
  161  11:34  Lurker Den  
  161  11:37  Ravager  
  161  11:38  Roach x5  
  172  11:46  Roach x3  
  178  11:51  Roach x2  
  182  11:55  Roach  
  182  12:00  Roach  
  180  12:06  Roach  
  147  12:12  Roach x2  
  147  12:13  Roach x7  
  129  12:17  Roach  
  129  12:20  Roach  
  121  12:23  Roach  
  121  12:24  Roach x2  
  121  12:26  Hydralisk  
  121  12:28  Drone  
  130  12:31  Hydralisk  
  130  12:36  Ravager  
  130  12:37  Ravager x2  
  134  12:38  Ravager  
  134  12:42  Hydralisk  
  136  12:46  Roach  
  138  12:53  Extractor  
  138  12:55  Hydralisk x2  
  138  12:57  Extractor  
  140  13:00  Lurker x2  
  140  13:03  Roach  
  140  13:04  Roach x5  
  152  13:06  Roach  
  152  13:07  Roach  
  152  13:08  Roach x2  
  152  13:10  Overlord  
  149  13:16  Roach x2  
  143  13:22  Roach  
  143  13:23  Roach x3  
  143  13:25  Roach  
  141  13:28  Roach  
  141  13:31  Roach x2  
  145  13:36  Lurker  
  145  13:40  Drone x3  
  149  13:43  Drone x2  
  143  13:52  Roach  
  143  13:53  Roach x2  
  131  13:57  Roach x4  
  133  14:03  Roach  
  133  14:04  Roach x2  
  129  14:11  Roach x5  
  129  14:12  Roach  
  134  14:23  Hydralisk  
  132  14:28  Ravager x3  
  132  14:29  Roach x2  
  141  14:34  Hydralisk, Roach x2  
  141  14:37  Roach  
  141  14:38  Roach  
  149  14:46  Roach x2  
  149  14:48  Zerg Ground Armor Level 1  
  149  14:49  Ravager x2  
  155  14:53  Lurker  
  151  15:05  Roach  
  151  15:06  Roach x9  
  153  15:12  Roach x2  
  153  15:13  Roach  
  104  15:41  Hatchery  
  103  15:43  Hydralisk x3  
  103  15:48  Hydralisk  
  111  16:03  Hydralisk  
  113  16:06  Ravager  
  113  16:07  Ravager  
  115  16:11  Hydralisk  
  115  16:12  Hatchery  
  115  16:13  Lurker  
  115  16:14  Lurker  
  115  16:16  Lurker  
  119  16:32  Overlord  
  119  16:44  Hydralisk  
  119  16:45  Hydralisk  
  105  16:51  Hydralisk x3  
  105  16:52  Roach  
  105  16:53  Roach  
  110  16:59  Hydralisk x2  
  114  17:04  Lurker x3  
  104  17:15  Roach  
  104  17:16  Roach x4  
  104  17:17  Roach  
  91  17:25  Lurker x2  
  91  17:26  Lurker x3  
  96  17:36  Extractor  
  95  17:38  Ravager x4  
  95  17:39  Roach  
  87  17:53  Unknown  
  87  17:54  Unknown x5  
  77  18:18  Roach x4  
  75  18:21  Roach  
  75  18:22  Roach  
  75  18:23  Roach  
  75  18:24  Roach  
  75  18:25  Roach x3  
  75  18:27  Roach  
  74  18:28  Zergling x12  
  74  18:34  Extractor, Zergling x14  
  79  18:36  Extractor  
  79  18:37  Hydralisk  
  87  18:44  Zergling x2  
  88  18:53  Hydralisk  
  90  19:04  Lurker  
  89  19:16  Hydralisk  
  87  19:21  Lurker  
  88  19:29  Hydralisk  
  88  19:31  Zergling x4  
  89  19:32  Hatchery  
  89  19:35  Hydralisk  
  89  19:36  Spine Crawler x2  
  85  19:38  Spine Crawler x2  
  85  19:45  Hydralisk x2  
  78  19:58  Lurker x2  
  80  20:00  Lurker  
Tags
 
Add a new tag
Caveats
  • Supply blocks, unpowered buildings, or Contaminate may cause inaccurate times.
  • Supply counts are checked every 10 seconds.